 Dungeon Crawl Stone Soup version 0.30-a0-845-g7c6808c (webtiles) character file.

Game seed: 13895563482808000752

52 Illumine the Shield-Bearer (level 3, -1/31 HPs)
             Began as a Demigod Fighter on Mar 2, 2023.
             Slain by a goblin
             ... wielding a +0 club
             ... led by Robin
              (4 damage)
             ... on level 2 of the Dungeon.
             The game lasted 00:00:59 (1099 turns).

Illumine the Shield-Bearer (Demigod Fighter)        Turns: 1099, Time: 00:01:00

Health: -1/31      AC:  6    Str: 21    XL:     3   Next: 39%
Magic:  5/5        EV:  9    Int: 10    God:
Gold:   69         SH:  4    Dex: 13    Spells: 2/2 levels left

rFire   . . .      SeeInvis .    a - +0 war axe
rCold   . . .      Faith    .    c - +0 buckler
rNeg    . . .      Spirit   .    b - +0 scale mail
rPois   .          Reflect  .    (no helmet)
rElec   .          Rampage  .    (no cloak)
rCorr   .                        (no gloves)
Will    .....                    (no boots) Stlth
                                 (no amulet)
HPRegen 0.25/turn                (no ring)
MPRegen 0.09/turn                (no ring)

@: mighty
A: high MP 1, forlorn, divine attributes
a: no special abilities


You were on level 2 of the Dungeon.
You visited 1 branch of the dungeon, and saw 2 of its levels.

You collected 69 gold pieces.

Inventory:

Hand Weapons
 a - a +0 war axe (weapon)
Armour
 b - a +0 scale mail (worn)
 c - a +0 buckler (worn)
Scrolls
 e - a scroll of poison {unknown}
Potions
 d - 2 potions of might
 f - a potion of haste {unknown}
 g - a potion of flight {unknown}
 h - 2 potions of attraction {unknown}
 i - a potion of resistance {unknown}


   Skills:
 + Level 3.1 Fighting
 * Level 2.9 Axes
 - Level 2.6 Armour
 + Level 3.1 Shields


You had 2 spell levels left.
You didn't know any spells.
Your spell library was empty.

Dungeon Overview and Level Annotations

Branches:
Dungeon (2/15)

Annotations:
D:2 Robin


Innate Abilities, Weirdness & Mutations

You have an increased reservoir of magic. (+10% MP)
You shall have no god before yourself.
Your divine heritage dramatically boosts your attributes as you level up.


Message History

Robin throws the goblin at you! You block the goblin's attack.
The goblin closely misses you.
You barely miss the goblin. You hit the goblin. The goblin closely misses you.
The goblin barely misses you. x2; The goblin hits you with a +0 dagger.
Robin roars a battlecry!
The goblins go into a battle-frenzy!
You hear a shout! x2
Robin throws the goblin at you! The goblin closely misses you.
The goblin hits you with a +0 club. The goblin attacks as you move away!
The goblin hits you with a +0 club.
Robin roars a battlecry!
The goblin closely misses you. The goblin hits you with a +0 club.
Robin throws the goblin at you! The goblin barely misses you.
The goblin hits you but does no damage.
You barely miss the goblin. You slash the goblin!
You kill the goblin!
You closely miss the goblin. x2; The goblin hits you with a +0 club. x2
The goblin barely misses you.
You slash the goblin!
You kill the goblin!
You miss the goblin. You barely miss the goblin.
The goblin hits you but does no damage. The goblin hits you with a +0 club.
The goblin attacks as you move away! You block the goblin's attack.
You see here a +0 club.
Okay, then.
You feel very mighty all of a sudden. The goblin hits you with a +0 club.
* * * LOW HITPOINT WARNING * * *
A goblin comes into view. It is wielding a +0 club.
You miss the goblin. The goblin hits you with a +0 club.
* * * LOW HITPOINT WARNING * * *
Robin closely misses you. Robin throws the goblin at you!
You see here a +0 whip.
You slash the goblin!
You kill the goblin!
You hit the goblin. The goblin hits you with a +0 club.
* * * LOW HITPOINT WARNING * * *
Robin throws the goblin at you! The goblin hits you with a +0 club.
You die...

#≈...§§..... .g
#.# #≈≈≈§≈§.≈≈≈≈
gg #.#
#######'#### gg
#.# #.####.# #.
#.# #......# #g
#.# ######.######
#. #.# #......#
#g####)####.######
###.g)g..gg@g.#
#.....g...g######
############


You could see Robin, a hobgoblin (strong) and 5 goblins.

Vanquished Creatures
  A gnoll (D:1)
  2 bats (D:1)
  4 endoplasms (D:1)
  5 giant cockroaches (D:1)
  6 goblins
  3 hobgoblins (D:1)
  2 jackals (D:1)
  3 quokkas
  3 ball pythons
  A frilled lizard (D:1)
  2 kobolds (D:1)
  5 rats
37 creatures vanquished.

Notes
Turn   | Place    | Note
-------+----------+-------------------------------------------
     0 | D:1      | Illumine the Demigod Fighter began the quest for the Orb.
     0 | D:1      | Reached XP level 1. HP: 18/18 MP: 3/3
   117 | D:1      | Reached XP level 2. HP: 4/25 MP: 4/4
   416 | D:1      | Reached XP level 3. HP: 31/31 MP: 5/5
  1082 | D:2      | Noticed Robin
  1099 | D:2      | Slain by a goblin

Illustrated notes

Levels and vault maps discovered:
D:1:      wander_arrival_abandoned_jail, layout_loops_ring
D:2:      layout_loops_ring, basic_altar, kennysheep_generic_room_16, uniq_robin

Skill      XL: |  1  2 |
---------------+-------+-----
Axes           | 2 |  2.9
Fighting       | 3 |  3.1
Shields        | 3 |  3.1
Armour         | |  2.6

Action                     || total
---------------------------++-------
  Melee: War axe           ||   108
    Use: Potion            ||     1
 Armour: Scale mail        ||    55
  Dodge: Dodged            ||    56
  Block: Buckler           ||    22

Table legend: (Time is in decaauts)
 A = Elapsed time spent in this place.
 B = Non-inter-level travel time spent in this place.
 C = Inter-level travel time spent in this place.
 D = Time resting spent in this place.
 E = Time spent auto-exploring this place.
 F = Levels seen in this place.
 G = Mean time per level.
                   A        B        C        D        E       F      G
               +--------+--------+--------+--------+--------+-----+--------+
         Total |   1142 |   1105 |     37 |    147 |    699 |   2 |  571.0 |
       Dungeon |   1142 |   1105 |     37 |    147 |    699 |   2 |  571.0 |
               +--------+--------+--------+--------+--------+-----+--------+

Top non-repeatable levels by time:
     D:1: 941 daAuts
     D:2: 201 daAuts
